 Dungeon Crawl Stone Soup version 0.20.1-1-g8b1a95d (webtiles) character file.

2181 Nattfarinn the Fighter (level 9, -3/77 HPs)
             Began as a Formicid Abyssal Knight on Aug 2, 2017.
             Was a Priest of Lugonu.
             Slain by an orc warrior
             ... wielding a +0 flail
              (13 damage)
             ... on level 6 of the Dungeon.
             The game lasted 00:16:58 (7312 turns).

Nattfarinn the Fighter (Formicid Abyssal Knight)    Turns: 7312, Time: 00:16:59

Health: -3/77      AC: 14    Str: 17    XL:     9   Next: 58%
Magic:  19/19      EV:  3    Int: 12    God:    Lugonu [***...]
Gold:   322        SH: 13    Dex: 13    Spells: 8/8 levels left

rFire    . . .     SeeInvis +   v - +5 dagger (venom)
rCold    . . .     Gourm    .   H - +0 large shield (curse)
rNeg     . . .     Faith    .   p - +0 chain mail
rPois    .         Spirit   .   (helmet unavailable)
rElec    .         Reflect  .   (no cloak)
rCorr    .         Harm     .   (no gloves)
MR       .....                  z - +0 pair of boots
Stlth    ..........             (no amulet)
Regen    0.3/turn               b - +5 ring of protection
MPRegen  0.2/turn               w - ring of magical power

@: no status effects
A: permanent stasis, dig shafts and tunnels, four strong arms, antennae 3
a: Dig, Shaft Self, Depart the Abyss, Bend Space, Banish, Renounce Religion


You were on level 6 of the Dungeon.
You worshipped Lugonu.
Lugonu was most pleased with you.
You were not hungry.

You visited 1 branch of the dungeon, and saw 7 of its levels.
You visited the Abyss 1 time.

You collected 322 gold pieces.

Inventory:

Hand Weapons
 j - a +0 short sword of protection
 v - a +5 dagger of venom (weapon)
Missiles
 t - 45 poisoned needles
Armour
 p - a +0 chain mail (worn)
 z - a +0 pair of boots (worn)
 H - a cursed +0 large shield (worn)
Jewellery
 b - a +5 ring of protection (left hand)
 f - a +1 ring of protection
 w - a ring of magical power (right hand)
 I - a +2 ring of evasion
 L - a +2 ring of intelligence
Wands
 C - a wand of flame (23/48)
Scrolls
 k - 2 scrolls of immolation {unknown}
 o - a scroll of recharging {unknown}
 r - a scroll of identify
 s - 2 scrolls of remove curse
 y - a scroll of blinking {unknown}
 A - 2 scrolls of magic mapping
 F - a scroll of teleportation {unknown}
 G - a scroll of fog {unknown}
 J - 2 scrolls of fear {unknown}
Potions
 a - a potion of resistance {unknown}
 e - a potion of agility
 g - 4 potions of magic {unknown}
 h - 2 potions of flight {unknown}
 i - 3 potions of curing
 l - a potion of haste {unknown}
 m - a potion of brilliance {unknown}
 n - a potion of degeneration {unknown}
 u - a potion of mutation {unknown}
 B - a potion of heal wounds {unknown}
 D - a potion of lignification {unknown}
Books
 K - a book of Conjurations

   Spells                             Type                      Level
   a - Magic Dart                     Conjuration                  1
   b - Searing Ray                    Conjuration                  2
   c - Dazzling Spray                 Conjuration/Hexes            3
   d - Fulminant Prism                Conjuration/Hexes            4
   e - Force Lance                    Conjuration/Translocation    4
   f - Iskenderun's Mystic Blast      Conjuration                  4
Comestibles
 c - 8 bread rations
 d - 3 meat rations
 q - 5 royal jellies
 x - 3 fruits


   Skills:
 * Level 9.4 Fighting
 - Level 6.8 Short Blades
 - Level 2.1 Armour
 - Level 0.8 Dodging
 * Level 6.6 Stealth
 * Level 3.7 Shields
 - Level 2.1 Invocations


You had 8 spell levels left.
You didn't know any spells.

Dungeon Overview and Level Annotations

Branches:
Dungeon (7/15)
 Temple: D:4-7

Altars:
Elyvilon
Nemelex Xobeh
Qazlal

Annotations:
D:7 RKaid's ghost, novice DrFE


Innate Abilities, Weirdness & Mutations

You cannot be hasted, slowed, berserked, paralysed or teleported.
You can dig through walls and to a lower floor.
Your four strong arms can wield two-handed weapons with a shield.
You have a pair of large antennae on your head. (SInv)


Message History

You hit the orc warrior.
The orc warrior is poisoned.
The orc warrior is lightly wounded.
The orc warrior hits you with a flail!
* * * LOW HITPOINT WARNING * * *
You hit the orc warrior.
The orc warrior is moderately wounded.
The orc warrior hits you but does no damage.
You hit the orc warrior but do no damage.
The orc warrior looks as sick as possible!
The orc warrior is moderately wounded.
You completely miss the orc warrior.
The orc warrior is moderately wounded.
The orc warrior hits you with a flail.
* * * LOW HITPOINT WARNING * * *
You hit the orc warrior but do no damage.
The orc warrior is heavily wounded.
You closely miss the orc warrior.
The orc warrior is heavily wounded.
The orc warrior hits you with a flail!
You die...

#...............####.#####
##.###############.......#
#.# #.#.###.# #.# #########
#.#.###.# ##.#####.......#
#.#..##.# ##..........(...#
#.......# ##...####...[>...#
#.##.#..# ##.....###........#
#.......# #.......##....oo@.#
#.##.#.## ##......##........#
#.##.#.# ##...#.##.)......#
#.##.#.# ##.......###.####
#......# ####.###....#
####.###
###.###.############.# ##
#.......# #.........########
.#
#.#.##..####.#########...)...
.# #.#.##.....#.# ##.#####.


You could see an orc warrior and an orc.

Vanquished Creatures
  The ghost of RKaid the Stinger, a novice FoVM of Elyvilon (D:6)
  The ghost of Nattfarinn the Sneak, an amateur OpEn of Makhleb (D:4)
  Eustachio (D:4)
  A phantom (D:4)
  2 sky beasts (D:6)
  2 ogres
  4 bullfrogs
  2 crimson imps
  4 jellies
  3 hounds
  Crazy Yiuf (D:3)
  An orc priest (D:4)
  6 orc wizards
  Natasha (thrice) (D:4)
  5 worker ants
  A worker ant zombie (D:6)
  A howler monkey zombie (D:6)
  A howler monkey skeleton (D:4)
  6 gnolls
  2 adders (D:4)
  2 shadow imps
  An ooze (D:1)
  A dart slug (D:1)
  3 leopard geckos
  27 orcs
  5 giant cockroaches
  5 goblins
  6 hobgoblins
  5 jackals
  4 kobolds
  3 quokkas
  9 bats
  3 frilled lizards
  A leopard gecko skeleton (D:4)
  6 rats
129 creatures vanquished.

Vanquished Creatures (others)
  An adder (D:5)
  A hobgoblin (D:3)
  2 jackals (D:3)
  A quokka (D:3)
  A frilled lizard (D:3)
6 creatures vanquished.

Grand Total: 135 creatures vanquished

Notes
Turn   | Place    | Note
-------+----------+-------------------------------------------
     0 | Abyss:1  | Nattfarinn the Formicid Abyssal Knight began the quest for the Orb.
     0 | Abyss:1  | Reached XP level 1. HP: 18/18 MP: 2/2
     0 | D:1      | Escaped the Abyss
    71 | D:1      | Reached XP level 2. HP: 19/25 MP: 3/3
   148 | D:1      | Reached skill level 4 in Fighting
   211 | D:1      | Reached * piety under Lugonu
   296 | D:1      | Reached skill level 1 in Stealth
   296 | D:1      | Reached XP level 3. HP: 29/30 MP: 4/4
   975 | D:2      | Found a white marble altar of Elyvilon.
  1065 | D:2      | Found a stormy altar of Qazlal.
  1065 | D:2      | Found a sparkling altar of Nemelex Xobeh.
  1744 | D:3      | Found a faded altar of an unknown god.
  1785 | D:3      | Reached XP level 4. HP: 36/38 MP: 5/5
  2214 | D:3      | Found a runed door.
  2358 | D:3      | Noticed Crazy Yiuf
  2369 | D:3      | Killed Crazy Yiuf
  2369 | D:3      | Reached XP level 5. HP: 32/43 MP: 6/6
  2428 | D:4      | Noticed a phantom
  2456 | D:4      | Noticed Natasha
  2467 | D:4      | Reached skill level 5 in Fighting
  2471 | D:4      | Killed Natasha
  2506 | D:4      | Killed a phantom
  2506 | D:4      | Reached XP level 6. HP: 9/51 MP: 7/7
  2800 | D:4      | Noticed Natasha
  2816 | D:4      | Killed Natasha
  3070 | D:4      | Reached ** piety under Lugonu
  3170 | D:4      | Reached XP level 7. HP: 52/57 MP: 8/8
  3371 | D:4      | Reached skill level 5 in Short Blades
  3515 | D:4      | Noticed Nattfarinn's ghost (amateur OpEn)
  3539 | D:4      | Killed Nattfarinn's ghost
  3539 | D:4      | Reached skill level 6 in Fighting
  3698 | D:4      | Noticed Natasha
  3705 | D:4      | Killed Natasha
  3787 | D:4      | Reached XP level 8. HP: 65/65 MP: 9/9
  4117 | D:5      | Entered Level 5 of the Dungeon
  4543 | D:5      | Noticed Eustachio
  4608 | D:4      | Killed Eustachio
  4608 | D:4      | Reached skill level 7 in Fighting
  4608 | D:4      | Reached skill level 5 in Stealth
  5217 | D:6      | Noticed RKaid's ghost (novice FoVM)
  5328 | D:5      | Reached skill level 1 in Shields
  5651 | D:6      | Killed RKaid's ghost
  5651 | D:6      | Reached skill level 8 in Fighting
  5651 | D:6      | Reached XP level 9. HP: 31/74 MP: 10/10
  6166 | D:6      | Reached *** piety under Lugonu
  6464 | D:6      | Reached skill level 9 in Fighting
  6908 | D:7      | Noticed RKaid's ghost (novice DrFE)
  6909 | D:7      | HP: 2/77 [RKaid's ghost/fireball (35)]
  7312 | D:6      | Slain by an orc warrior

Skill      XL: |  1  2  3  4  5  6  7  8  9 |
---------------+----------------------------+-----
Fighting       | 4 5 6 8 9 |  9.4
Stealth        | 1 2 3 4 5 6 |  6.6
Short Blades   | 3 4 5 6 |  6.8
Shields        | 2 3 |  3.7
Armour         | |  2.1
Dodging        | |  0.8
Invocations    | |  2.1

Action                   |  1- 3 |  4- 6 |  7- 9 || total
-------------------------+-------+-------+-------++-------
Melee: Short sword       |   122 |    28 |       ||   150
       Dagger            |     2 |   129 |   498 ||   629
Invok: Depart the Abyss  |     1 |       |       ||     1
  Use: Potion            |     1 |     1 |     3 ||     5
       Scroll            |       |       |     7 ||     7
  Eat: Chunk             |     2 |     5 |    12 ||    19
       Fruit             |       |       |     2 ||     2
Armor: Leather armour    |     8 |       |       ||     8
       Scale mail        |    33 |       |       ||    33
       Chain mail        |    29 |    86 |   208 ||   323
Dodge: Dodged            |    71 |    48 |   104 ||   223
Block: Large shield      |       |       |    66 ||    66
